 Dungeon Crawl Stone Soup version 0.30.1-11-g7821555f0a (webtiles) character file.

Game seed: 5433831275988013870

238 cdecastro the Changer (level 5, -3/40 HPs)
             Began as a Draconian Transmuter on Jan 11, 2024.
             Killed from afar by an orc wizard (10 damage)
             ... with a puff of flame
             ... on level 4 of the Dungeon.
             The game lasted 00:05:16 (2758 turns).

cdecastro the Changer (Draconian Transmuter)        Turns: 2758, Time: 00:05:16

Health: -3/40      AC:  6    Str: 13    XL:     5   Next: 78%
Magic:  8/8        EV: 12    Int: 15    God:
Gold:   201        SH:  0    Dex: 11    Spells: 2/8 levels left

rFire   . .          .
                       - Unarmed
rCold   . . .        (no shield)
rNeg    . . .        (body armour unavailable)
rPois   .            (helmet restricted)
rElec   .            j - +0 cloak
rCorr   .            (no gloves)
SInv    .            (no boots)
Will    .....        (no amulet)
Stlth   +            (no ring)
HPRegen 0.26/turn    (no ring)
MPRegen 0.11/turn

%: no passive effects
@: no status effects
A: AC +5, unfitting armour, cold-blooded
a: no special abilities


You were on level 4 of the Dungeon.
You visited 1 branch of the dungeon, and saw 4 of its levels.

You collected 201 gold pieces.

Inventory:

Armour
 j - a +0 cloak (worn)
Jewellery
 m - a ring of poison resistance
 p - a +6 ring of dexterity
Scrolls
 b - 7 scrolls of identify {unknown}
 d - a scroll of immolation {unknown}
 g - a scroll of vulnerability {unknown}
 h - a scroll of brand weapon {unknown}
 i - a scroll of enchant weapon {unknown}
 k - 2 scrolls of enchant armour {unknown}
Potions
 a - 2 potions of lignification
 c - 2 potions of ambrosia {unknown}
 e - a potion of might {unknown}
 f - a potion of flight {unknown}
 l - a potion of degeneration {unknown}
 n - a potion of haste {unknown}
 o - a potion of attraction {unknown}


   Skills:
 - Level 1.1 Fighting
 - Level 1.7 Dodging
 + Level 4.4 Unarmed Combat
 - Level 2.0 Spellcasting
 * Level 5.1 Transmutations


You had 2 spell levels left.
You knew the following spells:

 Your Spells              Type           Power      Damage    Failure   Level
a - Beastly Appendage     Tmut           34%        N/A       2%          1
b - Wereblood             Tmut           17%        N/A       4%          2
c - Spider Form           Tmut/Pois      9%         N/A       22%         3

Your spell library contained the following spells:

 Spells                   Type           Power      Damage    Failure   Level
 Ice Form                 Ice/Tmut       9%         N/A       58%         4


Dungeon Overview and Level Annotations

Branches:
Dungeon (4/15)
 Temple: D:4-7

Altars:


Innate Abilities, Weirdness & Mutations

Your plain brown scales are hard. (AC +5)
You cannot fit into any form of body armour.
You are cold-blooded and may be slowed by cold attacks.


Message History

A puff of flame appears from out of thin air!
The puff of flame hits you.
You miss something. Something hits you but does no damage.
You miss something.
Your tail-slap misses something.
Something completely misses you.
You miss something.
Your tail-slap misses something.
You hear some strange, mumbled words.
A magic dart appears from out of thin air!
The magic dart hits you!
You hit something.
Your tail-slap misses something.
Your primal bloodlust has ended.
Something hits you.
You closely miss something. Something hits you but does no damage.
You hit something but do no damage. Something hits you.
* * * LOW HITPOINT WARNING * * *
You miss something. Something hits you.
* * * LOW HITPOINT WARNING * * *
You miss something. Something hits you.
* * * LOW HITPOINT WARNING * * *
You closely miss something.
You hear some strange, mumbled words.
A magic dart appears from out of thin air!
The magic dart hits you.
* * * LOW HITPOINT WARNING * * *
You closely miss something.
You hear some strange, mumbled words.
Something tries to affect you, but you resist.
You closely miss something. You miss something.
You hear some strange, mumbled words.
A puff of flame appears from out of thin air!
The puff of flame hits you!
* * * LOW HITPOINT WARNING * * *
You miss something.
Your tail-slap misses something.
Something hits you.
* * * LOW HITPOINT WARNING * * *
You hit something.
Your tail-slap misses something.
You hear some strange, mumbled words.
A puff of flame appears from out of thin air!
The puff of flame hits you!
You die...

#.## ##.....##
#..## #.......##
##...####.........#
#.......+.........'
##...####.........#
#..## ##.......##
#.## ##.....## #)#
##...## #@# ##+#
#{# #)#######
#.......# #.#####.#
... .###. #. .. #
#o


There were no monsters in sight!

Vanquished Creatures
  A scorpion (D:4)
  2 orc priests
  A gnoll (D:1)
  4 adders
  3 worms
  2 dart slugs
  7 orcs
  5 ball pythons
  6 endoplasms
  A giant cockroach (D:2)
  7 goblins
  4 hobgoblins (D:2)
  3 quokkas
  7 bats
  4 frilled lizards
  A kobold (D:1)
  A rat (D:2)
59 creatures vanquished.

Notes
Turn   | Place    | Note
-------+----------+-------------------------------------------
     0 | D:1      | cdecastro the Draconian Transmuter began the quest for the
                  | Orb.
     0 | D:1      | Reached XP level 1. HP: 16/16 MP: 3/3
    51 | D:1      | Reached XP level 2. HP: 21/23 MP: 1/5
   348 | D:1      | Reached skill level 3 in Transmutations
   476 | D:1      | Found a faded altar of an unknown god.
   603 | D:2      | Identified the +1 hand axe "Inwuewna" {spect, Int+4}
   748 | D:2      | Reached XP level 3. HP: 28/28 MP: 4/6
  1834 | D:3      | Reached skill level 4 in Transmutations
  1834 | D:3      | Reached XP level 4. HP: 31/35 MP: 7/7
  1858 | D:3      | Learned a level 2 spell: Wereblood
  1862 | D:3      | Learned a level 3 spell: Spider Form
  2475 | D:4      | Noticed a scorpion
  2486 | D:4      | Killed a scorpion
  2487 | D:4      | Reached XP level 5. HP: 40/40 MP: 8/8
  2731 | D:4      | Reached skill level 5 in Transmutations
  2758 | D:4      | Killed from afar by an orc wizard

Illustrated notes

Levels and vault maps discovered:
D:1:      enne_arrival_octagon_isle, layout_rooms,
          dreamdust_ecumenical_altar_hidden_monk_grotto
D:2:      minmay_spotlight, layout_loops_ring, serial_forest,
          infiniplex_forest_corner_1, infiniplex_forest_fountain,
          infiniplex_forest_clump_long, infiniplex_forest_straight_2,
          infiniplex_forest_lined_room_, infiniplex_forest_corner_2,
          infiniplex_forest_lined_1, infiniplex_forest_clump_diagonal,
          minmay_tromino_v2
D:3:      layout_loops_corners
D:4:      wander_river, layout_loops_corners, mainiacjoe_overflow_tiny_flanked

Skill      XL: |  1  2  3  4  5 |
---------------+----------------+-----
Transmutations | 3 4 5 |  5.1
Unarmed Combat | 4 |  4.4
Fighting       | |  1.1
Dodging        | |  1.7
Spellcasting   | |  2.0

Action                     |  1- 3 |  4- 6 || total
---------------------------+-------+-------++-------
  Melee: Unarmed           |   101 |    84 ||   185
         Kick              |    19 |    10 ||    29
         Headbutt          |    12 |     6 ||    18
         Tailslap          |    12 |     7 ||    19
         Punch             |     1 |     2 ||     3
   Cast: Beastly Appendage |    27 |    14 ||    41
         Wereblood         |       |     1 ||     1
    Use: Potion            |       |     1 ||     1
 Armour: Skin              |    31 |    18 ||    49
  Dodge: Dodged            |    62 |    25 ||    87
